AoeStats
← Blastoderm06365

Arabia

509958135Analyzed
1v1 RM · 5d ago on Sep 28, 2026· 21m 58s· 2 players
Game mode
Random Map
Map size
Tiny (2 player)
Population
200
Speed
Normal
Resources
Standard
Victory
Conquest
Starting age
Dark Age
Ending age
Imperial Age
RankedLock teamsTeams togetherTeam positionsShared explorationLock speedFull tech treeHidden civsTurbo modeCheats
Victory
Defeat
🇦🇷 Bulgarians · Argentina
1115
+17
🇹🇷 Teutons · Türkiye
1138
-17
Blastoderm06365
7:03 Loom
9:52 Feudal Age
18:53 Castle Age
17:57 Double-Bit Axe
19:31 Fletching
19:51 Forging
ibrahim_arig
6:56 Loom
9:10 Feudal Age
15:36 Double-Bit Axe
20:20 Castle Age
18:33 Horse Collar
18:45 Gold Mining
20:07 Forging
19:57 Scale Mail Armor
20:47 Stone Mining
21:50 Fletching
22:01 Padded Archer Armor
Connection lost

Rejoining the realm…

Still unreachable

The connection could not be restored.

Session expired

The server has moved on; the page needs a fresh start.